 Dungeon Crawl Stone Soup version 0.26-a0-1181-gd376ed14c5 (webtiles) character file.

Game seed: 14816463757692861381

167 voltaire321 the Stinger (level 5, -1/33 HPs)
             Began as an Octopode Transmuter on Dec 27, 2020.
             Was an Initiate of Makhleb.
             Slain by a wraith (10 damage)
             ... in an ossuary.
             The game lasted 00:11:11 (3947 turns).

voltaire321 the Stinger (Octopode Transmuter)       Turns: 3947, Time: 00:11:12

Health: -1/33      AC:  1    Str:  9    XL:     5   Next: 48%
Magic:  8/9        EV: 14    Int: 15    God:    Makhleb [......]
Gold:   198        SH:  0    Dex: 14    Spells: 4/10 levels left

rFire    . . .     SeeInvis .     - Unarmed
rCold    . . .     Faith    .   (no shield)
rNeg     . . .     Spirit   .   (helmet currently unavailable)
rPois    .         Reflect  .   (no amulet)
rElec    .         Harm     .   (no ring)
rCorr    .         Rampage  .   (no ring)
Will     .....                  (no ring)
Stlth    ++........             (no ring)
HPRegen  0.11/turn              (no ring)
MPRegen  0.11/turn              (no ring)
                                (no ring)
                                (no ring)

@: appendages, slowed, very slow
A: almost no armour, stealthy swim, amphibious, 8 rings, constrict 8, tentacle
spike 3, camouflage 1, gelatinous body 1
a: End Transformation, Renounce Religion


You were in an ossuary.
You worshipped Makhleb.
Makhleb was noncommittal.
One of your tentacles had a temporary spike.
You visited 1 branch of the dungeon, and saw 4 of its levels.
You also visited: Ossuary.

You collected 198 gold pieces.

Inventory:

Jewellery
 c - an uncursed ring of ice {unknown}
 i - a +4 ring of protection {unknown}
Scrolls
 a - 2 scrolls of fear
 d - a scroll of blinking
 e - 3 scrolls of identify
 f - a scroll of enchant armour
 g - 4 scrolls of teleportation
 k - a scroll of brand weapon {unknown}
Potions
 b - a potion of magic
 h - a potion of mutation
 j - a potion of lignification


   Skills:
 - Level 1.4 Fighting
 - Level 2.3 Dodging
 - Level 3.2 Unarmed Combat
 - Level 3.0 Spellcasting
 + Level 3.1 Transmutations
 + Level 3.3 Poison Magic


You had 4 spell levels left.
You knew the following spells:

 Your Spells              Type           Power        Failure   Level
a - Beastly Appendage     Tmut           22%          5%          1
b - Wereblood             Tmut           11%          9%          2
c - Spider Form           Tmut/Pois      6%           16%         3

Your spell library contained the following spells:

 Spells                   Type           Power        Failure   Level
 Ice Form                 Ice/Tmut       6%           71%         4
 Blade Hands              Tmut           5%           83%         5


Dungeon Overview and Level Annotations

Branches:
Dungeon (4/15)            Ossuary (1/1)
 Temple: D:4-7

Altars:
Gozag
Makhleb
Okawaru
Ru
Uskayaw
Wu Jian

Annotations:
D:3 Sigmund


Innate Abilities, Weirdness & Mutations

You cannot wear most types of armour.
You are very stealthy in the water. (Stealth+)
You are amphibious.
You can wear up to eight rings at the same time.
You can use your tentacles to constrict eight enemies at once.
Your skin changes colour to match your surroundings (Stealth+).
Your rubbery body absorbs attacks. (AC +1, EV +1)
One of your tentacles bears a large vicious spike.


Message History

You squeeze the wraith, but do no damage.
Your tentacle spike disappears.
The wraith closely misses you.
You closely miss the wraith.
You squeeze the wraith, but do no damage.
The wraith hits you. The wraith completely misses you.
You barely miss the wraith.
Your tentacle-slap misses the wraith.
The wraith closely misses you.
You tentacle-slap the wraith but do no damage.
The wraith hits you. The wraith drains your vigour!
You feel as though you will be slow longer.
The wraith hits you! The wraith drains your vigour!
You feel as though you will be slow longer.
Casting: Beastly Appendage (safe; 5% risk of failure)
Confirm with . or Enter, or press ? or * to list all spells.
One of your tentacles grows a vicious spike.
The wraith hits you.
* * * LOW HITPOINT WARNING * * *
The wraith hits you!
You die...

. ...8.
.####.....####.###
.....^............ .#
......# #........ .#
......# #......## ..#
..8...# #...8...+ ^.#
...^..###......####..#
....^................#
...^............@....#
.#.#..#.#^.#.#..#W#..#
.#'#..#'#..#'#..#'# ^#
.#.#..#.#..#.#..#?# #
.###.^###..###..###
.................
...^.^..........^.
######'''#########
##...##


You could see a wraith.

Vanquished Creatures
  A hound (D:4)
  Terence (D:3)
  5 adders
  An ooze (D:2)
  4 dart slugs
  A worm (D:3)
  2 leopard geckos
  An orc (D:3)
  A giant cockroach (D:1)
  5 hobgoblins
  A quokka (D:3)
  A ball python (D:3)
  4 bats
  3 frilled lizards
  9 goblins
  A goblin zombie (Ossuary)
  2 hobgoblin zombies (Ossuary)
  2 kobolds (D:1)
  2 kobold zombies (Ossuary)
  11 rats
58 creatures vanquished.

Notes
Turn   | Place    | Note
-------+----------+-------------------------------------------
     0 | D:1      | voltaire321 the Octopode Transmuter began the quest for the
                  | Orb.
     0 | D:1      | Reached XP level 1. HP: 13/13 MP: 3/3
   365 | D:1      | Reached XP level 2. HP: 14/18 MP: 3/5
   388 | D:1      | Learned a level 2 spell: Wereblood
   743 | D:1      | Reached XP level 3. HP: 19/23 MP: 4/6
   798 | D:1      | Learned a level 3 spell: Spider Form
  1260 | D:2      | Reached skill level 1 in Poison Magic
  1790 | D:2      | Found a burning altar of Makhleb.
  1810 | D:2      | Became a worshipper of Makhleb the Destroyer
  1818 | D:2      | Reached XP level 4. HP: 28/28 MP: 5/7
  2346 | D:3      | Found an opulent altar of Gozag.
  2364 | D:3      | Found an ornate altar of the Wu Jian Council.
  2364 | D:3      | Found a hide-covered altar of Uskayaw.
  2364 | D:3      | Found an iron altar of Okawaru.
  2364 | D:3      | Found an opulent altar of Gozag.
  2599 | D:3      | Found a sacrificial altar of Ru.
  2640 | D:3      | Noticed Sigmund
  3221 | D:3      | Noticed Terence
  3323 | D:3      | Killed Terence
  3324 | D:3      | Reached XP level 5. HP: 3/33 MP: 9/9
  3774 | D:4      | Found a sand-covered staircase.
  3783 | Ossuary  | Entered an ossuary
  3783 | Ossuary  | Noticed a wraith
  3783 | Ossuary  | Noticed a wraith
  3783 | Ossuary  | Noticed a wraith
  3931 | Ossuary  | Noticed a wraith
  3947 | Ossuary  | Slain by a wraith

Illustrated notes

Levels and vault maps discovered:
D:1:      eino_arrival_cavern_a, layout_basic, minivault_11,
          minmay_misc_feat_tower
D:2:      layout_basic, lemuel_altar_in_water
D:3:      layout_basic, lemuel_crystal_altar, grunt_temple_overflow_open,
          nicolae_gozag_cash_rules_everything_around_me, uniq_terence,
          uniq_sigmund
D:4:      layout_cave_pools, nicolae_ossuary_entry_monument,
          grunt_dithmenos_smoke, uniq_pikel
Ossuary:  ossuary_kennysheep_city_of_the_dead

Skill      XL: |  1  2  3  4  5 |
---------------+----------------+-----
Poison Magic   | 1 3 |  3.3
Transmutations | 3 |  3.1
Spellcasting   | 3 |  3.0
Fighting       | |  1.4
Dodging        | |  2.3
Unarmed Combat | |  3.2

Action                   |  1- 3 |  4- 6 || total
-------------------------+-------+-------++-------
Melee: Unarmed           |    62 |    80 ||   142
       Constrict         |    16 |    20 ||    36
       Kick              |    13 |    20 ||    33
       Tentacles         |     9 |    17 ||    26
       Punch             |     1 |     1 ||     2
 Cast: Beastly Appendage |    22 |    19 ||    41
  Use: Scroll            |       |     8 ||     8
 Stab: Sleeping          |     6 |     4 ||    10
Armor: Skin              |     5 |     9 ||    14
Dodge: Dodged            |    30 |    51 ||    81

Table legend: (Time is in decaauts)
 A = Elapsed time spent in this place.
 B = Non-inter-level travel time spent in this place.
 C = Inter-level travel time spent in this place.
 D = Time resting spent in this place.
 E = Time spent auto-exploring this place.
 F = Levels seen in this place.
 G = Mean time per level.
                   A        B        C        D        E       F      G
               +--------+--------+--------+--------+--------+-----+--------+
         Total |   3942 |   3928 |     14 |   1263 |   1449 |   5 |  788.4 |
       Dungeon |   3775 |   3761 |     14 |   1217 |   1449 |   4 |  943.8 |
       Ossuary |    166 |    166 |      0 |     46 |      0 |   1 |  166.0 |
               +--------+--------+--------+--------+--------+-----+--------+

Top non-repeatable levels by time:
     D:3: 1589 daAuts
     D:1: 1160 daAuts
     D:2: 965 daAuts
 Ossuary: 166 daAuts
     D:4: 60 daAuts
